 Dungeon Crawl Stone Soup version 0.31.0-11-ge490571c62 (webtiles) character file.

Game seed: 8676868596259048850

12550 Esekla the Thaumaturge (level 11, -1/56 HPs)
             Began as a Vine Stalker Warper on Jan 30, 2024.
             Was a Priest of Vehumet.
             Slain by an orc knight
             ... wielding a +0 great sword
              (17 damage)
             ... on level 2 of the Orcish Mines.
             The game lasted 01:30:05 (10722 turns).

Esekla the Thaumaturge (Vine Stalker Warper)       Turns: 10722, Time: 01:30:06

Health: -1/56      AC: 17    Str: 15    XL:     11   Next: 95%
Magic:  0/25       EV: 18    Int: 25    God:    Vehumet [***...]
Gold:   285        SH:  0    Dex: 13    Spells: 6/28 levels left

rFire   . . .        g - +2 scimitar (protect)
rCold   . . .        (no shield)
rNeg    . . .        M - +2 leather armour "Dyfametz" {Int+2 Slay+5}
rPois   .            R - +2 helmet
rElec   .            (no cloak)
rCorr   .            f - +0 pair of gloves
SInv    .            y - +0 pair of boots
Will    +....        (no amulet)
Stlth   +++          h - +5 ring of evasion
HPRegen 1.09/turn    E - +6 ring of intelligence
MPRegen 0.19/turn

%: guardian spirit
@: ice-armoured, fugue (expiring), invisible
A: fangs 3, regeneration 1, magic shield, antimagic bite, no potion heal 2
a: Renounce Religion


You were on level 2 of the Orcish Mines.
You worshipped Vehumet.
Vehumet was most pleased with you.
You visited 3 branches of the dungeon, and saw 14 of its levels.

You collected 852 gold pieces.
You spent 567 gold pieces at shops.

Inventory:

Hand Weapons
 a - a +3 long sword of freezing
 b - a +3 long sword
 g - a +2 scimitar of protection (weapon)
 r - a +4 trident of draining
 s - a +0 dagger of protection
 w - a +1 dagger of holy wrath
Missiles
 t - 12 poisoned darts (quivered)
 K - a curare-tipped dart
 P - 6 silver javelins
Armour
 f - a +0 pair of gloves (worn)
 i - a +1 robe of fire resistance
 y - a +0 pair of boots (worn)
 H - a +2 robe of cold resistance
 I - +0 steam dragon scales
 M - the +2 leather armour "Dyfametz" (worn) {Int+2 Slay+5}
   (You bought it in a shop on level 10 of the Dungeon)

   Int+2:     It affects your intelligence (+2).
   Slay+5:    It affects your accuracy & damage with ranged weapons and melee
   (+5).
 N - a +0 troll leather armour
 R - a +2 helmet (worn)
Jewellery
 h - a +5 ring of evasion (left hand)
 A - a ring of ice
 B - a ring of flight
 E - a +6 ring of intelligence (right hand)
 L - a ring of protection from cold
Talismans
 D - the beast talisman of the Thinker {rF++ rC- Str+2 Dex+3}
   (You found it on level 4 of the Dungeon)

   [beast talisman]

   Str+2:     It affects your strength (+2).
   Dex+3:     It affects your dexterity (+3).
   rF++:      It greatly protects you from fire.
   rC-:       It makes you vulnerable to cold.
Wands
 F - a wand of flame (39)
 Q - a wand of digging (8)
Scrolls
 c - 2 scrolls of blinking
 d - 2 scrolls of noise {unknown}
 e - 4 scrolls of teleportation {unknown}
 k - 3 scrolls of amnesia {unknown}
 l - 2 scrolls of revelation
 n - a scroll of silence
 o - 4 scrolls of fear {unknown}
 u - 2 scrolls of immolation {unknown}
 O - a scroll of enchant weapon {unknown}
Potions
 j - a potion of enlightenment
 m - 4 potions of brilliance
 p - 3 potions of ambrosia
 q - a potion of invisibility
 v - 6 potions of curing
 x - 3 potions of lignification {unknown}
 z - a potion of mutation
 C - 2 potions of might {unknown}
 G - a potion of resistance
 J - 2 potions of attraction


   Skills:
 * Level 6.3 Fighting
 + Level 1.8(3.7) Short Blades
 + Level 5.1(5.3) Long Blades
 + Level 1.8 Throwing
 * Level 2.4 Armour
 + Level 4.1 Dodging
 + Level 5.8 Stealth
 * Level 9.2 Spellcasting
 + Level 4.5 Conjurations
 * Level 3.6 Necromancy
 + Level 4.1 Translocations
 * Level 6.7 Ice Magic
 + Level 4.1 Air Magic
 + Level 5.1 Alchemy
 + Level 0.6 Evocations


You had 6 spell levels left.
You knew the following spells:

 Your Spells              Type           Power      Damage    Failure   Level
a - Ozocubu's Armour      Ice            45%        N/A       1%          3
b - Blink                 Tloc           64%        N/A       1%          2
c - Mephitic Cloud        Conj/Alch/Air  34%        N/A       1%          3
e - Searing Ray           Conj           68%        2d6       1%          2
r - Frozen Ramparts       Ice            90%        1d14      1%          3
v - Mercury Vapours       Alch/Air       68%        N/A       1%          2
w - Fugue of the Fallen   Necr           30%        N/A       4%          3
x - Olgreb's Toxic Radia  Alch           37%        N/A       2%          4

Your spell library contained the following spells:

 Spells                   Type           Power      Damage    Failure   Level
 Volatile Blastmotes      Fire/Tloc      42%        2d13      2%          3
 Freeze                   Ice            100%       1d10      1%          1
 Magic Dart               Conj           100%       1d8       1%          1
 Sandblast                Erth           22%        2d7       1%          1
 Sting                    Conj/Alch      100%       1d9       1%          1
 Lesser Beckoning         Tloc           64%        N/A       1%          2
 Hailstorm                Conj/Ice       39%        3d9       1%          3
 Ensorcelled Hibernation  Hex/Ice        56%        N/A       2%          2
 Dazzling Flash           Conj/Hex       44%        N/A       2%          3
 Stone Arrow              Conj/Erth      44%        3d9       2%          3
 Fulminant Prism          Conj/Alch      17%        3d11      2%          4
 Gell's Gravitas          Tloc           32%        N/A       3%          3
 Teleport Other           Tloc           32%        N/A       3%          3
 Brom's Barrelling Bould  Conj/Erth      22%        2d4       7%          4
 Manifold Assault         Tloc           32%        N/A       12%         4
 Vhi's Electric Charge    Tloc/Air       64%        N/A       12%         4
 Passwall                 Erth           11%        N/A       21%         3
 Curse of Agony           Necr           30%        N/A       36%         5
 Silence                  Hex/Air        10%        N/A       61%         5
 Sculpt Simulacrum        Ice/Alch       20%        N/A       65%         6
 Dispersal                Tloc           16%        N/A       88%         6
 Ozocubu's Refrigeration  Ice            22%        4d12      61%         7
 Polar Vortex             Ice            22%        12d3*     100%        9


Dungeon Overview and Level Annotations

Branches:
Dungeon (11/15)            Temple (1/1) D:7            Lair (0/5) D:8
    Orc (2/2) D:11            Elf (0/3) Orc:2

Altars:
Ashenzari
Cheibriados
Dithmenos
Elyvilon
Fedhas
Gozag
Hepliaklqana
Kikubaaqudgha
Makhleb
Nemelex Xobeh
Okawaru
Qazlal
Ru
Sif Muna
Trog
Uskayaw
Vehumet
Wu Jian
Xom
Yredelemnul
Zin
The Shining One

Shops:
D:4 :   D:6 (:=*   D:10 ![

Annotations:
D:10 2 runed translucent doors, Scrimshaw's ghost, journeyman OpSh


Innate Abilities, Weirdness & Mutations

You have razor-sharp teeth.
Your natural rate of healing is unusually fast.
When hurt, damage is shared between your health and your magic reserves.
Your bite disrupts and absorbs the magic of your enemies.
Potions cannot restore your health.


Message History

You kill the orc warrior!
Vehumet accepts your kill.
You feel your power returning.
The kobold blastminer shoots a bolt.
The bolt hits you!
Your Alchemy skill increases to level 5!
The kobold blastminer shoots a bolt.
The bolt misses you.
The orc knight hits you with a +0 great sword!
The orc knight roars a battlecry!
The kobold blastminer blasts its cannon at you.
The iron shot misses you.
The kobold blastminer unwields a +0 arbalest.
The kobold blastminer barely misses you.
The orc warrior looks more healthy.
The kobold blastminer hits you!
The kobold blastminer hits you but does no damage.
Okay, then.
You miss the kobold blastminer.
You are losing your grip on the fallen.
The kobold blastminer hits you but does no damage.
The kobold blastminer barely misses you.
You barely miss the kobold blastminer. Your bite misses the kobold blastminer.
The orc knight looks more healthy.
The orc warrior closely misses you. The kobold blastminer hits you!
* * * LOW HITPOINT WARNING * * *
The kobold blastminer barely misses you.
Okay, then.
Unknown command.
Okay, then.
You fade into invisibility!
You kill the kobold blastminer!
Vehumet accepts your kill.
You feel your power returning.
The orc knight roars a battlecry!
The orc knight goes into a battle-frenzy!
The kobold blastminer hits you but does no damage.
Casting: Olgreb's Toxic Radiance (dangerous; 2% risk of failure)
Confirm with . or Enter, or press ? or * to list all spells.
A film of ice covers your body!
The wailing of tortured souls fills the air!
The orc knight hits you with a +0 great sword!!
You die...

*,,,*,** #.....*#..)..
,,,,,,,***##** *#.#.#####...
,,*,,,,,,.#.,** ###...#.#....
,,,,,,,,,....,* ##.#.........)
,,,,,,,,,.....##* #........#....
,,,,,,,,,.....#.#*###....^.......
,,,,,,,,,........##.###.....))...
,,,,,,,,,.......#o......)........
,,,,,,,,,......K@o..o.)..........
,,,,,,,,,.....#####.#))...#..####
,,,,,,,,,...,,*∩,*###.)...####,∩#
,,,,,,,,,.,,,,*,,,**#8o).8#**,,,#
,,,,,,,,,,,,,,**,,,*#.....#*,,,*#
,,,,,,,,,,,,,,,**,,,#.)...#,,,**.
,,,,,,,,,,,,,,,***,,...(....,**,,
,,,,,,,,,,,,,,*****,........#****
,,,,,,,,,,,,,,,,8,,,.........,8,,


You could see 2 orc knights, a kobold blastminer (unable to see you) and an orc
warrior (strong, unable to see you).

Vanquished Creatures
  2 two-headed ogres (D:11)
  An orc high priest (Orc:2)
  Urug (D:11)
  An orc sorcerer (Orc:2)
  An elephant (D:8)
  A kobold blastminer (Orc:2)
  A manticore (D:11)
  3 kobold demonologists
  Jeremiah (D:9)
  2 trolls
  A hornet (D:11)
  A vampire (D:10)
  A wyvern (D:8)
  A basilisk (D:8)
  10 yaks
  A steam dragon (D:8)
  Edmund (D:4)
  2 water moccasins
  12 orc warriors
  4 black bears
  An ogre (D:4)
  3 centaurs
  2 kobold brigands
  A phantom (D:5)
  A gnoll sergeant (D:10)
  4 bullfrogs
  3 scorpions
  17 wights
  5 killer bees (D:9)
  A bombardier beetle (D:4)
  A howler monkey (D:9)
  2 electric eels (D:6)
  2 jellies
  6 orc priests
  3 hounds
  2 sleepcaps
  4 iguanas
  19 orc wizards
  7 gnolls
  9 adders
  A shadow imp (D:7)
  A white imp (D:6)
  5 dart slugs
  5 ribbon worms
  35 orcs
  12 endoplasms
  7 giant cockroaches
  2 goblins
  4 hobgoblins
  8 jackals
  3 quokkas
  4 ball pythons
  6 bats
  3 frilled lizards
  11 kobolds
  4 rats
252 creatures vanquished.

Notes
Turn   | Place    | Note
-------+----------+-------------------------------------------
     0 | D:1      | Esekla the Vine Stalker Warper began the quest for the Orb.
     0 | D:1      | Reached XP level 1. HP: 11/11 MP: 4/4
    97 | D:1      | Reached XP level 2. HP: 14/15 MP: 4/6
   151 | D:1      | Learned a level 2 spell: Blink
   573 | D:1      | Reached XP level 3. HP: 18/18 MP: 7/7
  1054 | D:2      | Reached XP level 4. HP: 19/23 MP: 8/8
  1902 | D:3      | Found a white marble altar of Elyvilon.
  1924 | D:3      | Found a snail-covered altar of Cheibriados.
  1937 | D:3      | Reached XP level 5. HP: 27/27 MP: 8/10
  2105 | D:4      | Reached skill level 1 in Throwing
  2105 | D:4      | Reached skill level 3 in Spellcasting
  2142 | D:4      | Noticed Edmund
  2303 | D:3      | Found a basalt altar of Yredelemnul.
  2359 | D:4      | Learned a level 3 spell: Mephitic Cloud
  2362 | D:4      | Noticed an ogre
  2376 | D:4      | Found Dejob's Vocational Training.
  2413 | D:3      | Found a faded altar of an unknown god.
  2531 | D:4      | Reached XP level 6. HP: 17/32 MP: 8/11
  2584 | D:4      | Reached skill level 1 in Air Magic
  2614 | D:4      | Reached skill level 1 in Stealth
  2651 | D:5      | Entered Level 5 of the Dungeon
  2752 | D:6      | Reached skill level 1 in Alchemy
  2936 | D:6      | Noticed an orc warrior
  2962 | D:6      | Found Jasapp's Assorted Antiques.
  2976 | D:6      | Found Cuophetz's Jewellery Shop.
  2987 | D:5      | Found an ancient bone altar of Kikubaaqudgha.
  2987 | D:5      | Found a shadowy altar of Dithmenos.
  2987 | D:5      | Found an ornate altar of the Wu Jian Council.
  2987 | D:5      | Found a shimmering altar of Xom.
  3016 | D:5      | Found a sparkling altar of Nemelex Xobeh.
  3210 | D:6      | Found a glowing golden altar of the Shining One.
  3239 | D:6      | Reached skill level 1 in Conjurations
  3239 | D:6      | Reached XP level 7. HP: 27/35 MP: 6/13
  3432 | D:6      | Found Jomues's Book Emporium.
  3450 | D:6      | Learned a level 2 spell: Searing Ray
  3513 | D:7      | Found a staircase to the Ecumenical Temple.
  3541 | Temple   | Entered the Ecumenical Temple
  3546 | Temple   | Became a worshipper of Vehumet
  3571 | D:7      | Learned a level 3 spell: Ozocubu's Armour
  3586 | D:8      | Found a burning altar of Makhleb.
  3819 | D:6      | Found Lelei's Antique Weapon Emporium.
  3871 | D:5      | Gained mutation: You have razor-sharp teeth. [Vine Stalker
                  | growth]
  3871 | D:5      | Reached XP level 8. HP: 40/40 MP: 14/14
  3930 | D:6      | Found a sacrificial altar of Ru.
  4106 | D:6      | Reached skill level 1 in Ice Magic
  4238 | D:6      | Bought the Catalogue of Algor and the Xenolith for 286 gold
                  | pieces
  4242 | D:6      | Learned a level 3 spell: Frozen Ramparts
  4257 | D:6      | Reached skill level 4 in Spellcasting
  4858 | D:5      | Noticed a kobold demonologist
  4860 | D:5      | Reached XP level 9. HP: 45/45 MP: 15/17
  4870 | D:5      | Killed a kobold demonologist
  5078 | D:4      | Reached * piety under Vehumet
  5078 | D:4      | Offered knowledge of Freeze by Vehumet.
  5083 | D:4      | Reached skill level 5 in Spellcasting
  5089 | D:4      | Killed Edmund
  5184 | D:4      | Identified the beast talisman of the Thinker {rF++ rC-
                  | Str+2 Dex+3}
  5661 | D:6      | Bought an orange potion for 24 gold pieces
  5661 | D:6      | Bought 2 murky white potions for 48 gold pieces
  5661 | D:6      | Bought a scroll labelled SOMYN IKKAMP for 27 gold pieces
  6483 | D:7      | Identified the +10 flail of the Head {protect, +Blink
                  | Dex+3}
  6534 | D:7      | Learned a level 3 spell: Fugue of the Fallen
  6862 | D:8      | Found a staircase to the Lair.
  6862 | D:8      | Noticed an elephant
  6891 | D:8      | Killed an elephant
  6892 | D:8      | Reached skill level 5 in Long Blades
  6892 | D:8      | Reached skill level 6 in Spellcasting
  6892 | D:8      | Reached XP level 10. HP: 51/51 MP: 18/20
  6924 | D:8      | Noticed a manticore
  6962 | D:8      | Reached skill level 1 in Necromancy
  7350 | D:8      | Found a glowing silver altar of Zin.
  7968 | D:9      | Offered knowledge of Mercury Vapours by Vehumet.
  8025 | D:9      | Learned a level 2 spell: Mercury Vapours
  8048 | D:9      | Reached ** piety under Vehumet
  8095 | D:9      | Noticed Jeremiah
  8114 | D:9      | Reached skill level 5 in Fighting
  8121 | D:9      | Reached skill level 7 in Spellcasting
  8136 | D:9      | Killed Jeremiah
  8137 | D:9      | Reached skill level 1 in Short Blades
  8148 | D:9      | Reached skill level 5 in Ice Magic
  8693 | D:10     | Entered Level 10 of the Dungeon
  8700 | D:10     | Found a runed translucent door.
  8702 | D:10     | Noticed a skeletal warrior
  8721 | D:10     | Found a runed translucent door.
  8726 | D:10     | Noticed a centaur warrior
  8728 | D:10     | Noticed an ice dragon
  8728 | D:10     | Noticed a necromancer
  8729 | D:10     | Noticed a boulder beetle
  8729 | D:10     | Noticed a skeletal warrior
  8730 | D:10     | Noticed Scrimshaw's ghost (journeyman OpSh)
  8731 | D:10     | Noticed a lich
  8747 | D:10     | Learned a level 4 spell: Olgreb's Toxic Radiance
  8882 | D:10     | Found Cipo's Antique Armour Boutique.
  9058 | D:10     | Bought a brightly glowing leather armour for 182 gold
                  | pieces
  9058 | D:10     | Identified the +2 leather armour "Dyfametz" {Int+2 Slay+5}
                  | (You bought it in a shop on level 10 of the Dungeon)
  9099 | D:10     | Reached skill level 1 in Armour
  9099 | D:10     | Reached XP level 11. HP: 52/56 MP: 9/23
  9189 | D:10     | Reached skill level 8 in Spellcasting
  9287 | D:10     | Found Uzinosm's Distillery.
  9534 | D:11     | Noticed Urug
  9557 | D:11     | Killed Urug
  9652 | D:11     | Noticed a two-headed ogre
  9663 | D:11     | Killed a two-headed ogre
  9663 | D:11     | Offered knowledge of Volatile Blastmotes by Vehumet.
  9708 | D:11     | Found a glowing golden altar of the Shining One.
  9751 | D:11     | Reached skill level 5 in Stealth
  9759 | D:11     | Found a staircase to the Orcish Mines.
 10073 | D:11     | Noticed a manticore
 10081 | D:11     | Killed a manticore
 10333 | D:11     | Noticed a two-headed ogre
 10344 | D:11     | Killed a two-headed ogre
 10507 | Orc:1    | Entered Level 1 of the Orcish Mines
 10557 | Orc:2    | Entered Level 2 of the Orcish Mines
 10558 | Orc:2    | Noticed an orc high priest
 10563 | Orc:2    | Reached *** piety under Vehumet
 10568 | Orc:2    | Killed an orc high priest
 10569 | Orc:2    | Reached skill level 9 in Spellcasting
 10692 | Orc:2    | Noticed an orc sorcerer
 10699 | Orc:2    | Killed an orc sorcerer
 10704 | Orc:2    | Noticed an orc knight
 10712 | Orc:2    | Noticed an orc knight
 10715 | Orc:2    | Reached skill level 5 in Alchemy
 10722 | Orc:2    | Slain by an orc knight

Illustrated notes

Levels and vault maps discovered:
D:1:      grunt_arrival_crossed_arrows, layout_basic, serial_rivers,
          chequers_serial_rivers_room_a, chequers_serial_rivers_micro_b,
          chequers_serial_rivers_marsh, chequers_serial_rivers_marsh,
          chequers_serial_rivers_micro_b, chequers_serial_rivers_small_3
D:2:      layout_rooms, small_statue_intersection, kennysheep_generic_room_2
D:3:      layout_basic, mainiacjoe_overflow_chevrons, yredelemnul_altar_generic,
          mainiacjoe_overflow_surrounded_room, ebering_ecumenical_altar_webs
D:4:      layout_rooms, nicolae_shop_vocational, uniq_edmund
D:5:      layout_cave_pools, nicolae_overflow_hidden_temple
D:6:      layout_loops_ring, nicolae_ru_the_path_less_chosen,
          mainiacjoe_overflow_six_doors_small, serial_shops, shop, shop,
          nicolae_shop_temple_entry_statues_fountains,
          nicolae_shop_behind_doors, serial_bayou_lagoon_a
D:7:      layout_basic, minmay_temple_entry_offerings
D:8:      layout_cave_pods, mainiacjoe_overflow_concentric_impassable,
          lemuel_crystal_altar, david_lair_generic, grunt_decor_fettered,
          kennysheep_minor_cross
D:9:      layout_loops_ring, uniq_jeremiah
D:10:     layout_basic, muffindrake_ghost_dual_entry, serial_shops, shop,
          nicolae_shop_overgrown_old_shop
D:11:     layout_basic, minivault_16, tso_altar, uniq_urug
Temple:   hellmonk_temple_micro_hex
Orc:1:    layout_caves, basic_altar, uniq_sonja, uniq_maurice, uniq_jorgrun
Orc:2:    grunt_orc_cross, layout_caves, gauntlet_entry_generic, serial_shops,
          shop

Skill      XL: |  1  2  3  4  5  6  7  8  9 10 11 |
---------------+----------------------------------+-----
Fighting       | 2 3 4 5 6 |  6.3
Long Blades    | 2 3 4 5 |  5.1
Dodging        | 2 3 4 |  4.1
Throwing       | 1 |  1.8
Spellcasting   | 3 4 6 7 9 |  9.2
Air Magic      | 1 2 3 4 |  4.1
Stealth        | 1 3 4 5 |  5.8
Alchemy        | 1 2 3 4 5 |  5.1
Conjurations   | 1 3 4 |  4.5
Ice Magic      | 1 3 5 6 |  6.7
Necromancy     | 2 3 |  3.6
Short Blades   | 1 |  1.8
Armour         | 1 2 |  2.4
Translocations | 4 |  4.1
Evocations     | |  0.6

Action                     |  1- 3 |  4- 6 |  7- 9 | 10-12 || total
---------------------------+-------+-------+-------+-------++-------
  Melee: Falchion          |   127 |   209 |    37 |       ||   373
         Bite              |    33 |    58 |    73 |    67 ||   231
         Punch             |     2 |     4 |     2 |     2 ||    10
         Dagger            |       |     3 |    53 |   174 ||   230
         Long sword        |       |       |   136 |    11 ||   147
         Scimitar          |       |       |       |     3 ||     3
  Throw: Dart              |     7 |    20 |     6 |    29 ||    62
   Cast: Blink             |       |     5 |     5 |     3 ||    13
         Mephitic Cloud    |       |     2 |     7 |    18 ||    27
         Searing Ray       |       |       |    20 |    17 ||    37
         Ozocubu's Armour  |       |       |    16 |    21 ||    37
         Frozen Ramparts   |       |       |    11 |    24 ||    35
         Olgreb's Toxic Ra |       |       |       |    13 ||    13
         Fugue of the Fall |       |       |       |     1 ||     1
  Evoke: Wand              |       |       |       |     1 ||     1
    Use: Potion            |       |     3 |     4 |     1 ||     8
         Scroll            |       |     3 |     3 |     3 ||     9
   Stab: Invisible         |       |       |     5 |       ||     5
         Confused          |       |       |     9 |    12 ||    21
         Sleeping          |       |       |     1 |     3 ||     4
 Armour: Leather armour    |    86 |    22 |       |    51 ||   159
         Robe              |       |    80 |   102 |     4 ||   186
         Steam dragon scal |       |       |       |    46 ||    46
  Dodge: Dodged            |    96 |   215 |   219 |   160 ||   690
